 Dungeon Crawl Stone Soup version 0.24.1-14-gf8d2b509d9 (webtiles) character file.

Game seed: 7526500850191809632, levelgen mode: deterministic

2 lepoulpe303 the Vexing (level 1, 0/12 HPs)
             Began as a Kobold Arcane Marksman on May 28, 2020.
             Slain by a kobold
             ... wielding a +0 short sword
              (4 damage)
             ... on level 1 of the Dungeon.
             The game lasted 00:00:54 (141 turns).

lepoulpe303 the Vexing (Kobold Arcane Marksman)      Turns: 141, Time: 00:00:55

Health: 0/12       AC:  2    Str:  7    XL:     1   Next: 33%
Magic:  1/2        EV: 15    Int: 14    God:
Gold:   15         SH:  0    Dex: 15    Spells: 1/2 levels left

rFire    . . .     SeeInvis .   a - +0 dagger
rCold    . . .     Gourm    .   (shield restricted)
rNeg     . . .     Faith    .   f - +0 robe
rPois    .         Spirit   .   (no helmet)
rElec    .         Reflect  .   (no cloak)
rCorr    .         Harm     .   (no gloves)
MR       .....                  (no boots)
Stlth    +.........             (no amulet)
HPRegen  0.04/turn              (no ring)
MPRegen  0.08/turn              (no ring)

@: no status effects
A: small, carnivore
a: no special abilities


You were on level 1 of the Dungeon.
You were not hungry.

You visited 1 branch of the dungeon, and saw 1 of its levels.

You collected 15 gold pieces.

Inventory:

Hand Weapons
 a - a +0 dagger (weapon)
 b - a +0 hand crossbow
Missiles
 Q - 16 bolts
Armour
 f - a +0 robe (worn)
Scrolls
 d - a scroll of teleportation {unknown}
 g - a scroll of identify {unknown}
Potions
 c - a potion of lignification {unknown}
Comestibles
 e - a ration


   Skills:
 + Level 1.1 Fighting
 * Level 2.5 Crossbows
 + Level 2.4 Dodging
 + Level 1.1 Spellcasting
 * Level 3.0 Hexes


You had one spell level left.
You knew the following spells:

 Your Spells              Type           Power        Failure   Level  Hunger
v - Corona                Hex            #......      8%          1    ##.....

Your spell library contained the following spells:

 Spells                   Type           Power        Failure   Level  Hunger
 Slow                     Hex            #.......     12%         2    ###....
 Inner Flame              Hex/Fire       #.......     38%         3    ####...
 Portal Projectile        Hex/Tloc       #.....       38%         3    ####...
 Cause Fear               Hex            #.........   58%         4    #####..
 Leda's Liquefaction      Hex/Erth       #.........   80%         4    #####..


Dungeon Overview and Level Annotations

Branches:
Dungeon (1/15)

Altars:


Innate Abilities, Weirdness & Mutations

You are small and have problems with some larger weapons.
You are carnivorous and can eat meat at any time.


Message History

You see here a bolt.
You hit the hobgoblin but do no damage. The hobgoblin closely misses you.
You barely miss the hobgoblin. The hobgoblin barely misses you.
You hit the kobold.
The kobold hits you with a +0 short sword.
* * * LOW HITPOINT WARNING * * *
You take 5 damage, and have 4/12 hp.
MASSIVE DAMAGE!!
You hit the kobold but do no damage. The kobold misses you.
You don't know that spell.
Aim: a kobold, wielding a +0 short sword (chance to defeat MR: 62%)
The kobold is outlined in light.
The kobold hits you with a +0 short sword.
* * * LOW HITPOINT WARNING * * *
You take 1 damage, and have 4/12 hp.
You now have 1/2 mp.
You hit the kobold but do no damage. The kobold barely misses you.
You hit the kobold but do no damage. The kobold hits you but does no damage.
You barely miss the kobold.
The kobold hits you with a +0 short sword.
You die...

.... ##.#.#.#(#.##
.......... #...........#
..#....... ##.#.#(#(#.##
..# ......###
#......(>...# ..#
.......# ###.#.#.#.#.##
..# #.....#
#............# ..#
#.....# #.#.#.#.#.#.##
###
#.....####............#
##
#.........@#.#.#.#.#.##
.# ###..######K#.#..#####
. ##....g........#
#.#.#.#.#.#.#.#
##.............# +######
#.#.#.#.#.#.#.#.#
......###...............#
......##.#.#.#.#.#.#.#.#.
......##................


You could see a kobold.

Levels and vault maps discovered:
D:1:      shiori_arrival_elements, layout_basic, serial_glass, glass_columns_c,
          glass_columns_a, minmay_strange_pillars, minmay_strange_pillars,
          due_unseen_surprise, hex_large, nrook_campfire, st_stairs_11,
          minmay_misc_feat_alley

Notes
Turn   | Place    | Note
-------+----------+-------------------------------------------
     0 | D:1      | lepoulpe303 the Kobold Arcane Marksman began the quest for
                  | the Orb.
     0 | D:1      | Reached XP level 1. HP: 12/12 MP: 2/2
   102 | D:1      | Identified a +0 dagger
   104 | D:1      | Identified a +0 club
   105 | D:1      | Identified a +0 short sword
   141 | D:1      | Slain by a kobold

Table legend:
 A = Turns spent in this place as a percentage of turns spent in the entire game.
 B = Non-inter-level travel turns spent in this place as a percentage of non-inter-level travel turns spent in the entire game.
 C = Inter-level travel turns spent in this place as a percentage of turns spent in this place.
 D = Turns resting spent in this place as a percentage of non-inter-level travel turns spent in this place.
 E = Turns spent auto-exploring this place as a percentage of non-inter-level travel turns spent in this place.
 F = Non-inter-level travel turns spent in this place divided by the number of levels of this place that you've seen.
                   A       B       C       D       E      F
               +-------+-------+-------+-------+-------+----------------------
         Total | 100.0 | 100.0 |   0.0 |   0.0 |  68.1 | 141.0
       Dungeon | 100.0 | 100.0 |   0.0 |   0.0 |  68.1 | 141.0
               +-------+-------+-------+-------+-------+----------------------

Table legend:
 A = Kills in this place as a percentage of kills in entire the game.
 B = Kills by you in this place as a percentage of kills by you in the entire game.
 C = Kills by friends in this place as a percentage of kills by friends in the entire game.
 D = Other kills in this place as a percentage of other kills in the entire game.
 E = Experience gained in this place as a percentage of experience gained in the entire game.
 F = Experience gained in this place divided by the number of levels of this place that you have seen.
                   A       B       C       D       E      F
               +-------+-------+-------+-------+-------+----------------------
         Total | 100.0 | 100.0 |   N/A |   N/A | 100.0 |   3.0
       Dungeon | 100.0 | 100.0 |   N/A |   N/A | 100.0 |   3.0
               +-------+-------+-------+-------+-------+----------------------

Action                   || total
-------------------------++-------
Melee: Dagger            ||     9
 Fire: Hand crossbow     ||     4
 Cast: Corona            ||     1
Dodge: Dodged            ||     5

Vanquished Creatures
  A kobold (D:1)
  A rat (D:1)
2 creatures vanquished.
